 Dungeon Crawl Stone Soup version 0.19-a0-1401-g902f63d (webtiles) character file.

1021 aronpayne the Skirmisher (level 8, -3/64 HPs)
             Began as a Formicid Abyssal Knight on Sept 4, 2016.
             Was a Priest of Lugonu.
             Slain by a quokka (4 damage)
             ... on level 5 of the Dungeon.
             The game lasted 00:17:41 (5168 turns).

aronpayne the Skirmisher (Formicid Abyssal Knight)  Turns: 5168, Time: 00:17:42

Health: -3/64      AC:  7    Str: 20    XL:     8   Next: 46%
Magic:  11/11      EV: 12    Int: 11    God:    Lugonu [***...]
Gold:   310        SH:  0    Dex: 10    Spells: 0 memorised, 7 levels left

rFire  . . .     SeeInvis +     o - +2 short sword (speed)
rCold  . . .     Gourm    .     n - +0 ring mail {MR+}
rNeg   . . .     Faith    .     (no shield)
rPois  .         Spirit   .     (helmet unavailable)
rElec  .         Dismiss  .     (no cloak)
rCorr  .         Reflect  .     e - +0 pair of gloves
MR     +....     Harm     .     (no boots)
Stlth  ..........               (no amulet)
                                (no ring)
                                b - +3 ring of slaying

@: no status effects
A: permanent stasis, dig shafts and tunnels, four strong arms, antennae 3
a: Dig, Shaft Self, Depart the Abyss, Bend Space, Banish, Renounce Religion


You were on level 5 of the Dungeon.
You worshipped Lugonu.
Lugonu was most pleased with you.
You were not hungry.

You visited 1 branch of the dungeon, and saw 5 of its levels.
You visited the Abyss 1 time.

You collected 310 gold pieces.

Inventory:

Hand Weapons
 a - a +1 falchion
 o - a +2 short sword of speed (weapon)
Armour
 e - a +0 pair of gloves (worn)
 j - a +1 plate armour
 n - a +0 ring mail of magic resistance (worn)
Jewellery
 b - a +3 ring of slaying (left hand)
Wands
 w - a wand of enslavement (6/24)
 y - a wand of random effects (20/48)
Scrolls
 d - 2 scrolls of amnesia
 g - a scroll of identify {unknown}
 k - a scroll of fog
 l - a scroll of fear
 m - a scroll of magic mapping {unknown}
 q - a scroll of enchant armour
 r - a scroll of remove curse
Potions
 i - a potion of lignification {unknown}
 p - a potion of invisibility
 s - 2 potions of heal wounds {unknown}
 t - a potion of curing {unknown}
Comestibles
 c - 5 bread rations
 f - 3 meat rations
 h - 3 chunks of flesh
 u - a fruit
 v - a royal jelly
 x - a beef jerky


   Skills:
 + Level 5.7 Fighting
 * Level 4.3(4.8) Short Blades
 - Level 3.0(4.1) Long Blades
 + Level 4.4 Armour
 + Level 3.2 Dodging
 + Level 5.0 Invocations


You had 7 spell levels left.
You didn't know any spells.

Dungeon Overview and Level Annotations

Branches:
Dungeon (5/15)
 Temple: D:4-7

Altars:
Gozag
Hepliaklqana
Xom
Beogh


Innate Abilities, Weirdness & Mutations

You are under a permanent stasis effect.
You can dig through walls and to a lower floor.
Your four strong arms can wield two-handed weapons with a shield.
You have a pair of large antennae on your head. (SInv)


Message History

You barely miss the ogre.
The ogre is almost dead.
The quokka barely misses you.
You hit the ogre.
The ogre is almost dead.
The ogre hits you with a giant club!
* * * LOW HITPOINT WARNING * * *
The quokka closely misses you.
You puncture the ogre!
You kill the ogre!
Lugonu accepts your kill.
Your Invocations skill increases to level 5!
The quokka bites you but does no damage.
Okay, then.
You hit the quokka.
The quokka is severely wounded.
You miss the quokka.
The quokka is severely wounded.
The quokka bites you.
You die...

####........##.......
....................#
######.....)###....#
###...## #..#
#.....####..#
#.....(.....#
#...........##
#..####...r)## #..#
##...@.# #..# #.....#
..# ##)...##
#.....####
#####....## ##....#
#...## ##..# ### #..#


You could see a quokka.

Vanquished Creatures
  The ghost of ximxim the Cutter, an amateur HEAr (D:4)
  An ice beast (D:5)
  A phantom (D:3)
  2 ogres
  A giant frog (D:4)
  A water moccasin zombie (D:5)
  A howler monkey (D:5)
  2 crimson imps (D:5)
  A centaur skeleton (D:4)
  5 worker ants
  3 gnolls (D:5)
  5 adders
  4 worms
  3 dart slugs
  A giant gecko (D:4)
  5 orcs (D:3)
  5 bats
  A giant cockroach (D:1)
  9 goblins
  8 hobgoblins
  10 jackals
  9 kobolds
  A quokka (D:4)
  2 ball pythons (D:3)
  6 giant newts
  9 rats
97 creatures vanquished.

Notes
Turn   | Place    | Note
-------+----------+-------------------------------------------
     0 | Abyss:1  | aronpayne the Formicid Abyssal Knight began the quest for the Orb.
     0 | Abyss:1  | Reached XP level 1. HP: 18/18 MP: 2/2
    32 | Abyss:1  | Noticed an orange demon
    40 | D:1      | Escaped the Abyss
   221 | D:1      | Reached XP level 2. HP: 12/24 MP: 3/3
   473 | D:1      | Reached * piety under Lugonu
   635 | D:1      | Reached skill level 1 in Dodging
   805 | D:1      | Reached XP level 3. HP: 30/30 MP: 4/4
  1112 | D:1      | Found a roughly hewn altar of Beogh.
  1266 | D:2      | Found a hazy altar of Hepliaklqana.
  1512 | D:2      | Reached XP level 4. HP: 33/37 MP: 6/6
  1993 | D:2      | Found a shimmering altar of Xom.
  1994 | D:2      | Found an opulent altar of Gozag.
  2064 | D:3      | Reached ** piety under Lugonu
  2216 | D:3      | Reached XP level 5. HP: 43/43 MP: 7/7
  2691 | D:3      | Found a faded altar of an unknown god.
  2955 | D:4      | Noticed a phantom
  2955 | D:4      | Noticed ximxim's ghost (amateur HEAr)
  3007 | D:3      | Killed a phantom
  3007 | D:3      | Reached skill level 5 in Fighting
  3007 | D:3      | Reached XP level 6. HP: 4/51 MP: 8/8
  3345 | D:4      | Killed ximxim's ghost
  3345 | D:4      | Reached skill level 1 in Short Blades
  3746 | D:4      | Reached XP level 7. HP: 33/56 MP: 9/9
  4638 | D:5      | Entered Level 5 of the Dungeon
  4669 | D:5      | Reached *** piety under Lugonu
  4799 | D:5      | Reached XP level 8. HP: 62/63 MP: 11/11
  5165 | D:5      | HP: 1/64 [ogre/giant club (16)]
  5166 | D:5      | Reached skill level 5 in Invocations
  5168 | D:5      | Slain by a quokka

Vault maps used:
D:1:      erik_arrival_cave_to_civilisation
D:2:      lemuel_round_altar, gammafunk_temple_overflow_pools, first_bread
D:3:      ecumenical_altar_2

Skill      XL: |  1  2  3  4  5  6  7  8 |
---------------+-------------------------+-----
Dodging        | 1 2 3 |  3.2
Fighting       | 4 5 |  5.7
Armour         | 3 4 |  4.4
Invocations    | 3 4 5 |  5.0
Long Blades    | 3 |  3.0
Short Blades   | 1 3 4 |  4.3

Action                   |  1- 3 |  4- 6 |  7- 9 || total
-------------------------+-------+-------+-------++-------
Melee: Falchion          |   108 |   163 |       ||   271
       Short sword       |       |   110 |   168 ||   278
Invok: Depart the Abyss  |     1 |       |       ||     1
 Abil: Dig               |       |     1 |       ||     1
  Use: Scroll            |       |     8 |       ||     8
       Potion            |       |     2 |       ||     2
 Stab: Invisible         |       |     7 |       ||     7
  Eat: Chunk             |     2 |     6 |     3 ||    11
       Pizza             |       |     1 |       ||     1
       Beef jerky        |       |       |     1 ||     1
Armor: Leather armour    |    16 |       |       ||    16
       Plate armour      |    38 |   101 |       ||   139
       Ring mail         |       |    22 |    27 ||    49
Dodge: Dodged            |    43 |    85 |    58 ||   186
